[Event "Titled Tuesday Blitz June 8 2021"]
[White "Reprintsev, Alexander"]
[Black "Terry, Renato"]
[WhiteFideId "14100541"]
[BlackFideId "3803457"]
[WhiteElo "2126"]
[BlackElo "2581"]
[Result "1-0"]
[Round "01"]
[TimeControl "180+1"]
[Date "2021.06.08"]
[WhiteClock "0:00:41"]
[BlackClock "0:00:02"]

1. e4 e6 2. Qe2 c5 3. b3 Nc6 4. Bb2 Nf6 5. e5 Nd5 6. Nf3 Be7 7. g3 O-O 8. Bg2 f5 9. O-O Qe8 10. c4 Ndb4 11. d4 cxd4 12. a3 Na6 13. b4 Nc7 14. Nbd2 a5 15. b5 Nd8 16. Nxd4 f4 17. Rad1 Qg6 18. Qe4 Qh6 19. N2b3 a4 20. Nc1 Nf7 21. h4 g5 22. Nd3 gxh4 23. Nxf4 Ng5 24. Qe3 h3 25. Be4 Ne8 26. Kh2 Nxe4 27. Qxe4 Ng7 28. Bc1 Bg5 29. c5 Ra5 30. Bd2 Ra8 31. Be3 Rb8 32. Nxh3 Bxe3 33. Qxe3 Qh5 34. Qg5 Qf7 35. f4 b6 36. c6 Ra8 37. Qh6 Qe7 38. Ng5 Ne8 39. cxd7 Bxd7 40. Nc6 Bxc6 41. bxc6 Ra7 42. Rd4 Qc5 43. Rd7 Qc2+ 44. Kg1 Rxd7 45. cxd7 Ng7 46. Nxe6 1-0


[Site "https://www.chess.com"]

[Event "Titled Tuesday Blitz June 8 2021"]
[White "Richter, Nils"]
[Black "SpeedofLight0"]
[WhiteFideId "12990809"]
[WhiteElo "2289"]
[BlackElo "2741"]
[Result "0-1"]
[Round "01"]
[TimeControl "180+1"]
[Date "2021.06.08"]
[WhiteClock "0:00:03"]
[BlackClock "0:00:18"]

1. d4 Nf6 2. Nf3 d5 3. c4 e6 4. g3 dxc4 5. Bg2 a6 6. O-O Nc6 7. e3 Rb8 8. a4 Bd7 9. a5 Bb4 10. Bd2 Qe7 11. Ne5 Nxe5 12. dxe5 Nd5 13. Qc2 O-O 14. Rd1 Bb5 15. Na3 c3 16. Nxb5 cxd2 17. Nc3 Nxc3 18. bxc3 Qc5 19. Qxd2 Bxc3 20. Qc2 Qxe5 21. Rab1 b5 22. axb6 cxb6 23. Rb3 Ba5 24. Qe2 b5 25. Ra3 b4 26. Ra4 b3 27. Qxa6 Bc3 28. Qd3 b2 29. Rb1 Rfd8 30. Qe4 Qb5 31. Bf1 Qb3 32. Ra7 Bf6 33. Qc4 Qxc4 34. Bxc4 Rbc8 35. Bd3 Rxd3 0-1


[Site "https://www.chess.com"]

[Event "Titled Tuesday Blitz June 8 2021"]
[White "Rozhkov, Viacheslav"]
[Black "Kamsky, Gata"]
[WhiteFideId "4181484"]
[BlackFideId "2000024"]
[WhiteElo "2468"]
[BlackElo "2862"]
[Result "0-1"]
[Round "01"]
[TimeControl "180+1"]
[Date "2021.06.08"]
[WhiteClock "0:00:33"]
[BlackClock "0:01:10"]

1. e4 c5 2. Nf3 e6 3. d4 cxd4 4. Nxd4 a6 5. Nc3 b5 6. g3 Bb7 7. Bg2 Nf6 8. O-O b4 9. Nd5 exd5 10. exd5 Bc5 11. Re1+ Kf8 12. Nf5 d6 13. Bg5 Nbd7 14. Re7 Qxe7 15. Nxe7 Kxe7 16. Qf3 Rhe8 17. a3 a5 18. axb4 axb4 19. Rxa8 Rxa8 20. Bh3 h6 21. Bxd7 hxg5 22. Bc6 Ra1+ 23. Kg2 Ba6 24. h3 Rf1 0-1


[Site "https://www.chess.com"]

[Event "Titled Tuesday Blitz June 8 2021"]
[White "Sadykov, Ramil"]
[Black "Nakamura, Hikaru"]
[WhiteFideId "24113590"]
[BlackFideId "2016192"]
[WhiteElo "2300"]
[BlackElo "2900"]
[Result "0-1"]
[Round "01"]
[TimeControl "180+1"]
[Date "2021.06.08"]
[WhiteClock "0:00:02"]
[BlackClock "0:01:03"]

1. e4 g6 2. d4 Bg7 3. Nc3 a6 4. h4 b5 5. h5 Bb7 6. h6 Bf8 7. Bd3 e6 8. Be3 d6 9. Qd2 Nd7 10. d5 e5 11. g4 Ngf6 12. f3 Nb6 13. g5 Nfd7 14. b3 Be7 15. Nh3 O-O 16. a4 b4 17. Nd1 a5 18. Nb2 c6 19. dxc6 Bxc6 20. O-O-O d5 21. exd5 Bxd5 22. Be4 Bxe4 23. fxe4 Qc7 24. Kb1 Rac8 25. Nf2 Rfd8 26. Qe2 Nf8 27. Ng4 Ne6 28. Nf6+ Bxf6 29. gxf6 Nd4 30. Bxd4 exd4 31. Nd3 Re8 32. Qg2 Qc6 33. Rde1 Nd7 34. Rhf1 Re6 35. Nf4 Rxf6 36. Nd5 Rxf1 37. Rxf1 Qe6 38. Qf3 Rc6 39. Qf4 Rc8 40. Rd1 Re8 41. Rxd4 Qe5 42. Qxe5 Rxe5 43. Ne3 Re7 44. Nd5 Re5 45. Nb6 Nf6 46. Nc4 Rxe4 47. Rd8+ Ne8 48. Nxa5 g5 49. Nb7 g4 50. Rd3 Re7 51. Nc5 Re5 52. Nd7 Re1+ 53. Kb2 f5 54. a5 Nc7 55. Nc5 Nb5 56. Rd7 Nc3 0-1


[Site "https://www.chess.com"]

[Event "Titled Tuesday Blitz June 8 2021"]
[White "Salinas Herrera, Pablo"]
[Black "Kabanov, Nikolai"]
[WhiteFideId "3407128"]
[BlackFideId "4127820"]
[WhiteElo "2541"]
[BlackElo "2376"]
[Result "0-1"]
[Round "01"]
[TimeControl "180+1"]
[Date "2021.06.08"]
[WhiteClock "0:00:58"]
[BlackClock "0:00:24"]

1. d4 Nf6 2. Bf4 g6 3. e3 Bg7 4. h3 O-O 5. Nf3 d6 6. Be2 b6 7. O-O Nbd7 8. Nbd2 Bb7 9. Bh2 c5 10. c3 a6 11. a4 Qc7 12. Qb3 Rac8 13. Rfd1 Qb8 14. Qa3 Qa8 15. b4 cxd4 16. cxd4 Nd5 17. Rac1 Rxc1 18. Rxc1 Rc8 19. Bc4 b5 20. Bb3 bxa4 21. Rxc8+ Qxc8 22. Bxa4 N7b6 23. Bd1 Nc3 24. Bb3 h6 25. Qb2 Nba4 26. Qc2 Qc6 27. Qxg6 Nd5 28. Qb1 Nac3 29. Qb2 Qb5 30. e4 Ne2+ 31. Kh1 Nxb4 32. Bc4 Nd3 33. Qxb5 Nxf2# 0-1


[Site "https://www.chess.com"]

[Event "Titled Tuesday Blitz June 8 2021"]
[White "Samsonkin, Artiom"]
[Black "Marcziter, Dmitrii"]
[WhiteFideId "13503111"]
[BlackFideId "13900765"]
[WhiteElo "2513"]
[BlackElo "2155"]
[Result "1-0"]
[Round "01"]
[TimeControl "180+1"]
[Date "2021.06.08"]
[WhiteClock "0:01:35"]
[BlackClock "0:01:32"]

1. e4 c5 2. Nf3 a6 3. Nc3 Nc6 4. d4 cxd4 5. Nxd4 d6 6. Bc4 Nf6 7. Nxc6 bxc6 8. e5 Ng8 9. O-O d5 10. Nxd5 cxd5 11. Bxd5 Bd7 12. Qf3 e6 13. Bxa8 Ne7 14. Rd1 Qc7 15. Be4 Ng6 16. Rxd7 Kxd7 17. Qxf7+ Be7 18. Bxg6 hxg6 19. Bg5 Re8 20. Rd1+ Kc8 21. Qxe8+ 1-0


[Site "https://www.chess.com"]

[Event "Titled Tuesday Blitz June 8 2021"]
[White "Sanal, Vahap"]
[Black "Kozak, Antoni"]
[WhiteFideId "6300545"]
[BlackFideId "21832030"]
[WhiteElo "2507"]
[BlackElo "2289"]
[Result "0-1"]
[Round "01"]
[TimeControl "180+1"]
[Date "2021.06.08"]
[WhiteClock "0:00:12"]
[BlackClock "0:00:16"]

1. e4 c5 2. Nf3 Nc6 3. c3 d5 4. exd5 Qxd5 5. d4 Nf6 6. Na3 cxd4 7. Bc4 Qd8 8. Nb5 Bd7 9. Bf4 Rc8 10. O-O a6 11. Nbxd4 e6 12. Bb3 Bc5 13. Be3 Nxd4 14. Nxd4 O-O 15. Qf3 Qc7 16. Rad1 e5 17. Nf5 e4 18. Qh3 Qe5 19. g4 h5 20. Bd4 Bxd4 21. cxd4 Qf4 22. Ne7+ Kh7 23. Nxc8 Bxg4 24. Qg3 Qxg3+ 25. hxg3 Bxd1 26. Rxd1 Rxc8 27. Bxf7 Rc7 28. Bb3 Ne8 29. Kf1 Nd6 30. Ke2 Kg6 31. Ke3 Kf6 32. Rh1 g6 33. Ke2 Nf5 34. Rd1 Rd7 35. d5 Ke5 36. Kf1 Nd4 37. Rc1 Nxb3 38. axb3 Rxd5 39. Rc2 Rb5 40. Rc3 Rd5 41. Ke2 g5 42. Ke3 Rd3+ 43. Rxd3 exd3 44. Kxd3 Kf5 45. Ke3 h4 46. Kf3 g4+ 47. Kg2 h3+ 48. Kh2 Ke4 49. Kg1 Kf3 50. b4 b6 51. b3 b5 52. Kh1 0-1


[Site "https://www.chess.com"]

[Event "Titled Tuesday Blitz June 8 2021"]
[White "Saraci, Nderim"]
[Black "Suvorov, Luca"]
[WhiteFideId "6351921"]
[BlackFideId "12977071"]
[WhiteElo "2820"]
[BlackElo "2444"]
[Result "0-1"]
[Round "01"]
[TimeControl "180+1"]
[Date "2021.06.08"]
[WhiteClock "0:00:01"]
[BlackClock "0:00:05"]

1. d4 Nf6 2. Nf3 e6 3. c4 a6 4. Nc3 d5 5. cxd5 exd5 6. Bf4 Bd6 7. e3 Bxf4 8. exf4 O-O 9. Be2 Bg4 10. O-O Re8 11. h3 Bxf3 12. Bxf3 Nc6 13. Qd2 Qd6 14. Rac1 Rad8 15. Rfd1 Ne4 16. Bxe4 dxe4 17. Qe3 Nxd4 18. Nxe4 Qd5 19. Nc3 Qc4 20. Qg3 g6 21. Kh2 c5 22. Ne4 Qe6 23. Nxc5 Qb6 24. Rd2 Nf5 0-1


[Site "https://www.chess.com"]

[Event "Titled Tuesday Blitz June 8 2021"]
[White "Sarana, Alexey"]
[Black "Tsyhanchuk_Stanislav"]
[WhiteFideId "24133795"]
[WhiteElo "2629"]
[BlackElo "2484"]
[Result "1-0"]
[Round "01"]
[TimeControl "180+1"]
[Date "2021.06.08"]
[WhiteClock "0:00:28"]
[BlackClock "0:00:15"]

1. e4 c5 2. Nf3 Nc6 3. d4 cxd4 4. Nxd4 Qb6 5. Nb3 Nf6 6. Nc3 e6 7. a3 a6 8. Be3 Qc7 9. Bd3 Be7 10. f4 d6 11. Qf3 O-O 12. g4 Re8 13. g5 Nd7 14. h4 b5 15. h5 Nf8 16. g6 fxg6 17. hxg6 h6 18. e5 Bb7 19. Be4 b4 20. axb4 Nxb4 21. Bxb7 Nxc2+ 22. Kf2 Rab8 23. Na5 Nxa1 24. Rxa1 d5 25. Nxd5 exd5 26. Qxd5+ Kh8 27. Rc1 Qd8 28. b3 Nxg6 29. Qe4 Qxa5 30. Qxg6 Bh4+ 31. Kf3 Rxe5 32. fxe5 Rf8+ 33. Kg4 Qb4+ 34. Be4 1-0


[Site "https://www.chess.com"]

[Event "Titled Tuesday Blitz June 8 2021"]
[White "Saravana, Krishnan P."]
[Black "Balakrishnan, Praveen"]
[WhiteFideId "5018382"]
[BlackFideId "2064871"]
[WhiteElo "2430"]
[BlackElo "2805"]
[Result "1-0"]
[Round "01"]
[TimeControl "180+1"]
[Date "2021.06.08"]
[WhiteClock "0:00:10"]
[BlackClock "0:00:11"]

1. e4 c5 2. Nf3 Nc6 3. Bb5 g6 4. c3 Bg7 5. d4 cxd4 6. cxd4 Qb6 7. Nc3 Nxd4 8. Nd5 Nxf3+ 9. Qxf3 Qd6 10. Bf4 Be5 11. Bxe5 Qxe5 12. Rc1 Kf8 13. O-O Nf6 14. Nc7 Rb8 15. Rfe1 Kg7 16. Qe3 d6 17. Qxa7 Bd7 18. Bxd7 Nxd7 19. b4 Rhc8 20. Qe3 e6 21. f4 Qh5 22. Rc3 Nf6 23. Rec1 Rd8 24. h3 e5 25. fxe5 dxe5 26. Rf1 Rd6 27. Nb5 Ra6 28. Qf2 Rf8 29. Rc7 g5 30. Qf5 Re6 31. Qxe6 Nxe4 32. Qxe5+ Kg8 33. Qxe4 Qh6 34. Rcxf7 Rxf7 35. Qe8+ Rf8 36. Rxf8+ Qxf8 37. Qxf8+ Kxf8 38. Nd6 b6 39. Nc8 b5 40. Na7 1-0


[Site "https://www.chess.com"]

[Event "Titled Tuesday Blitz June 8 2021"]
[White "Sawlin, Leonid"]
[Black "Zhigalko, Sergei"]
[WhiteFideId "4689542"]
[BlackFideId "13502956"]
[WhiteElo "2412"]
[BlackElo "2662"]
[Result "1-0"]
[Round "01"]
[TimeControl "180+1"]
[Date "2021.06.08"]
[WhiteClock "0:00:36"]
[BlackClock "0:00:02"]

1. e4 c5 2. Nf3 Nc6 3. Bb5 Nf6 4. Nc3 Qc7 5. O-O Nd4 6. Bc4 e6 7. Re1 a6 8. a4 d6 9. d3 Be7 10. Bf4 Nxf3+ 11. Qxf3 Nd7 12. Qg3 O-O 13. a5 Ne5 14. Bb3 Bd7 15. Bh6 Bf6 16. f4 Nc6 17. e5 dxe5 18. Ne4 Qd8 19. Nxc5 exf4 20. Bxf4 Bxb2 21. Nxb7 Qf6 22. Rab1 Bc3 23. Rf1 Nxa5 24. Nxa5 Bxa5 25. Bd6 Qd4+ 26. Kh1 Bc3 27. Bxf8 Rxf8 28. Rf4 Qd6 29. Rxf7 Qxg3 30. Rxf8+ Kxf8 31. hxg3 a5 32. Rf1+ Ke7 33. Rf4 Kd6 34. Rc4 Bb4 35. Rd4+ Kc7 36. c3 Bc5 37. Rc4 Kb6 38. Ba4 Bc8 39. d4 Bd6 40. Rxc8 Bxg3 41. Rc6+ Kb7 42. Kg1 h6 43. Kf1 Bf4 44. Ke2 Ka7 45. Kd3 1-0


[Site "https://www.chess.com"]

[Event "Titled Tuesday Blitz June 8 2021"]
[White "Shahaliyev, Ismayil"]
[Black "Shirazi, Kamran"]
[WhiteFideId "13406388"]
[BlackFideId "2000733"]
[WhiteElo "2105"]
[BlackElo "2317"]
[Result "0-1"]
[Round "01"]
[TimeControl "180+1"]
[Date "2021.06.08"]
[WhiteClock "0:00:06"]
[BlackClock "0:01:10"]

1. Nf3 d5 2. c4 c6 3. d4 Nf6 4. Nc3 g6 5. Qb3 Bg7 6. Bf4 O-O 7. e3 a6 8. c5 Nbd7 9. Be2 Nh5 10. Bg5 h6 11. Bh4 g5 12. Nd2 gxh4 13. Bxh5 e5 14. Nf3 exd4 15. exd4 Nf6 16. g4 Nxh5 17. gxh5 Bg4 18. Ne5 Re8 19. f4 f6 20. Rg1 Qd7 21. h3 Bxh5 22. Kd2 fxe5 23. fxe5 Re7 24. Raf1 Qxh3 25. Ne4 Qxb3 26. Nf6+ Kh8 27. axb3 Bf7 28. Rf4 h3 29. Rg3 Be6 30. Rh4 Rf8 31. Rg6 Bxf6 32. Rgxh6+ Kg8 33. exf6 Rd7 34. Rh8+ Kf7 35. R4h7+ Ke8 36. Rxf8+ Kxf8 37. Rh8+ Kf7 38. Rh6 h2 39. Rxh2 Kxf6 40. Rh6+ Ke7 41. Ke3 Bf7 42. Kf4 Rd8 43. Ke5 Rg8 44. b4 Rg5+ 45. Kf4 Rg2 46. b3 Re2 47. Rh8 Re4+ 48. Kf5 Rxd4 49. Rb8 Rxb4 50. Ke5 Rxb3 51. Kd4 Rb5 52. Ke5 a5 53. Ra8 a4 54. Rxa4 Rxc5 55. Ra7 Rb5 56. Kd4 Rb4+ 57. Kc5 Rb5+ 58. Kd4 Kd6 59. Ra8 Be6 60. Ke3 Rb3+ 61. Kd4 c5# 0-1


[Site "https://www.chess.com"]

[Event "Titled Tuesday Blitz June 8 2021"]
[White "Shtyka, Sergey"]
[Black "Cunjalo, Faris"]
[WhiteFideId "4138465"]
[BlackFideId "14410710"]
[WhiteElo "2446"]
[BlackElo "2830"]
[Result "0-1"]
[Round "01"]
[TimeControl "180+1"]
[Date "2021.06.08"]
[WhiteClock "0:00:04"]
[BlackClock "0:00:04"]

1. e4 c6 2. Nf3 d5 3. Nc3 Bg4 4. h3 Bxf3 5. Qxf3 e6 6. d3 Nd7 7. g3 Bc5 8. Bg2 Ne7 9. O-O O-O 10. Qe2 a5 11. Kh2 b5 12. f4 b4 13. Nd1 a4 14. Be3 Qb6 15. Bxc5 Qxc5 16. Ne3 a3 17. b3 Qd4 18. h4 Rae8 19. e5 f6 20. exf6 Nxf6 21. Ng4 Nxg4+ 22. Qxg4 Nf5 23. Rfe1 e5 24. Rad1 Ne3 25. Rxe3 Qxe3 26. fxe5 Rxe5 27. Rf1 Rxf1 28. Bxf1 Qf2+ 29. Bg2 h6 30. Qc8+ Kh7 31. Qxc6 Qd4 32. Kh3 Rf5 33. Qe6 Qe5 34. Qd7 Rf6 0-1


[Site "https://www.chess.com"]

[Event "Titled Tuesday Blitz June 8 2021"]
[White "Shuvalov, Evgenij"]
[Black "Donchenko, Alexander"]
[WhiteFideId "4187237"]
[BlackFideId "24603295"]
[WhiteElo "2425"]
[BlackElo "2790"]
[Result "0-1"]
[Round "01"]
[TimeControl "180+1"]
[Date "2021.06.08"]
[WhiteClock "0:00:31"]
[BlackClock "0:01:05"]

1. Nf3 Nf6 2. c4 b6 3. g3 Bb7 4. Bg2 g6 5. O-O Bg7 6. Nc3 O-O 7. Re1 Ne4 8. Nxe4 Bxe4 9. d3 Bb7 10. e4 c5 11. d4 cxd4 12. Nxd4 Nc6 13. Be3 Rc8 14. Rc1 Qc7 15. b3 Rfd8 16. f4 d6 17. Nb5 Qb8 18. Nc3 e6 19. Qd2 Ba8 20. Red1 a6 21. Qf2 b5 22. Bb6 Rd7 23. cxb5 axb5 24. Nxb5 d5 25. e5 Bf8 26. a4 Nb4 27. Bc5 Bc6 28. Bxf8 Rxf8 29. Nd4 Rc8 30. Bf1 Rdc7 31. Qd2 Qb6 32. Kg2 Bb7 33. Nb5 Rc2 34. Rxc2 Rxc2 35. Kh3 Rxd2 36. Rxd2 Ba6 37. Rd4 Bxb5 38. Rxb4 Bxf1+ 39. Kh4 Qxb4 0-1


[Site "https://www.chess.com"]

[Event "Titled Tuesday Blitz June 8 2021"]
[White "Sorokin, Aleksey"]
[Black "Milosevic, Milos"]
[WhiteFideId "24176460"]
[BlackFideId "964875"]
[WhiteElo "2845"]
[BlackElo "2452"]
[Result "0-1"]
[Round "01"]
[TimeControl "180+1"]
[Date "2021.06.08"]
[WhiteClock "0:01:11"]
[BlackClock "0:00:11"]

1. d4 Nf6 2. c4 g6 3. Nc3 Bg7 4. e4 d6 5. Nf3 O-O 6. Be2 e5 7. O-O Nc6 8. d5 Ne7 9. b4 Ne8 10. a4 a5 11. bxa5 Rxa5 12. Nd2 f5 13. Nb3 Ra8 14. c5 dxc5 15. Nxc5 Nd6 16. Ne6 Bxe6 17. dxe6 fxe4 18. Ba3 Nef5 19. Nxe4 Nxe4 20. e7 Nxe7 21. Qxd8 Rfxd8 22. Bxe7 Rd7 23. Ba3 Nc3 24. Bc4+ Kh8 25. Bb2 Nxa4 26. Bb5 Rd2 27. Bc1 Rd4 28. Be3 Rb4 29. Bd7 e4 30. Ra2 c6 31. g4 Rd8 32. Be6 Nc3 33. Ra7 Nd5 34. Bg5 Rf8 35. Bxd5 cxd5 36. Be7 Rb2 37. Bxf8 Bxf8 38. Ra8 Kg7 39. Rd8 Rd2 40. Rd7+ Kh6 41. h4 Bc5 42. Kg2 b6 43. Kg3 g5 44. hxg5+ Kxg5 45. f4+ Kg6 46. f5+ Kg5 47. Rg7+ Kf6 48. Rxh7 Bd6+ 49. Rf4 Rd3+ 50. Kh4 Bxf4 51. g5+ Bxg5+ 52. Kg4 Be3 53. Rd7 d4 54. Rd6+ Kf7 55. f6 Rd2 56. Kf5 Rf2+ 57. Kxe4 Rxf6 58. Rd7+ Ke6 59. Rh7 Rf7 60. Rh4 Ke7 61. Rh5 Rf6 62. Rh7+ Kd6 63. Rh8 Kc5 64. Rc8+ Kb4 65. Kd3 b5 66. Rb8 Ra6 67. Rc8 Ka4 68. Kc2 b4 69. Kd3 Ka3 70. Rb8 b3 71. Kc4 b2 72. Kd3 Ka2 73. Kc2 Rc6+ 74. Kd3 b1=Q+ 0-1


[Site "https://www.chess.com"]

[Event "Titled Tuesday Blitz June 8 2021"]
[White "Spitzl, Vinzent"]
[Black "Svane, Frederik"]
[WhiteFideId "12901253"]
[BlackFideId "12923044"]
[WhiteElo "2437"]
[BlackElo "2810"]
[Result "0-1"]
[Round "01"]
[TimeControl "180+1"]
[Date "2021.06.08"]
[WhiteClock "0:00:01"]
[BlackClock "0:00:01"]

1. e4 c5 2. Nf3 g6 3. d4 cxd4 4. Qxd4 Nf6 5. Nc3 Nc6 6. Qa4 d6 7. e5 dxe5 8. Nxe5 Bg7 9. Nxc6 bxc6 10. Qxc6+ Bd7 11. Qf3 O-O 12. Bd3 Qb6 13. a4 Bc6 14. Qe3 Qb7 15. f3 Rfd8 16. Qe2 Qb6 17. Bd2 Rd6 18. Qf2 Re6+ 19. Ne2 Qxb2 20. O-O Nd5 21. Rab1 Qf6 22. c4 Nb6 23. Bc3 Qg5 24. Nd4 Rd6 25. Nxc6 Bxc3 26. Be4 Rc8 27. Kh1 Rdxc6 28. Bxc6 Rxc6 29. a5 Nxc4 30. Qxa7 Kg7 31. a6 Ne3 32. Rf2 Rd6 33. Qb7 Nd1 34. Re2 Nf2+ 0-1


[Site "https://www.chess.com"]

[Event "Titled Tuesday Blitz June 8 2021"]
[White "Suarez Gomez, Julio"]
[Black "Gracia Alvarez, Gerardo Antonio"]
[WhiteFideId "22275991"]
[BlackFideId "5109124"]
[WhiteElo "2376"]
[BlackElo "2148"]
[Result "1-0"]
[Round "01"]
[TimeControl "180+1"]
[Date "2021.06.08"]
[WhiteClock "0:00:55"]
[BlackClock "0:00:03"]

1. e4 c5 2. Nf3 d6 3. d4 cxd4 4. Nxd4 Nf6 5. Nc3 g6 6. g3 Nc6 7. Nde2 Bg7 8. Bg2 O-O 9. O-O Rb8 10. a4 a6 11. Nd5 b5 12. axb5 Rxb5 13. c3 a5 14. Qc2 Rb8 15. Rd1 Ba6 16. Bg5 Nxd5 17. exd5 Ne5 18. Nd4 h6 19. Bf4 Qb6 20. b3 Rfc8 21. h3 Bb7 22. Be3 Qd8 23. c4 Ra8 24. Ra4 Nd7 25. Rda1 Nc5 26. R4a3 Qb6 27. R1a2 Qb4 28. Bd2 Qb6 29. Nc6 Bxc6 30. dxc6 a4 31. b4 Ne6 32. Rxa4 Rxa4 33. Rxa4 Nd4 34. Be3 Qc7 35. Qa2 Nxc6 36. b5 Nd4 37. Ra7 Qxc4 38. Qxc4 Rxc4 39. Rxe7 Rb4 40. Bd5 Ne6 41. Bxe6 fxe6 42. Rxe6 Kf7 43. Rxd6 Rb1+ 44. Kg2 Rxb5 45. Rc6 Rd5 46. h4 Rd7 47. h5 g5 48. g4 Re7 49. Kf3 Re6 50. Rxe6 Kxe6 51. Ke4 Bf6 52. Bd4 Kf7 53. Bxf6 Kxf6 54. Kd5 Kg7 55. Ke6 1-0


[Site "https://www.chess.com"]

[Event "Titled Tuesday Blitz June 8 2021"]
[White "Svane, Rasmus"]
[Black "Hamley, Ryan"]
[WhiteFideId "4657101"]
[BlackFideId "30959497"]
[WhiteElo "2860"]
[BlackElo "2468"]
[Result "1-0"]
[Round "01"]
[TimeControl "180+1"]
[Date "2021.06.08"]
[WhiteClock "0:00:48"]
[BlackClock "0:00:14"]

1. Nf3 Nf6 2. g3 g6 3. Bg2 Bg7 4. O-O O-O 5. d4 d6 6. Re1 Nc6 7. d5 Ne5 8. Nxe5 dxe5 9. c4 a5 10. Nc3 Nd7 11. e4 Nc5 12. Be3 b6 13. b3 f5 14. exf5 gxf5 15. d6 e4 16. Bxc5 bxc5 17. Qd5+ e6 18. Qxa8 Bxc3 19. d7 Bxd7 20. Qa7 Bxa1 21. Rxa1 Bc6 22. Qxc5 Qd6 23. Qxa5 Rd8 24. Re1 Ra8 25. Qc3 Rxa2 26. Qf6 Ra8 27. h4 Rf8 28. Qg5+ Kh8 29. h5 Qd8 30. Qf4 Qe7 31. Qe5+ Kg8 32. Rd1 Rd8 33. Rxd8+ Qxd8 34. Qxe6+ 1-0


[Site "https://www.chess.com"]

[Event "Titled Tuesday Blitz June 8 2021"]
[White "Svidler, Peter"]
[Black "Swicarz, Maciej"]
[WhiteFideId "4102142"]
[BlackFideId "1113585"]
[WhiteElo "2754"]
[BlackElo "2199"]
[Result "1-0"]
[Round "01"]
[TimeControl "180+1"]
[Date "2021.06.08"]
[WhiteClock "0:00:31"]
[BlackClock "0:00:37"]

1. e4 c6 2. Nf3 d5 3. Nc3 Nf6 4. e5 Ne4 5. Ne2 Bg4 6. d3 Nc5 7. Ng3 e6 8. d4 Ncd7 9. h3 Bxf3 10. Qxf3 c5 11. Bd3 cxd4 12. Qe2 Nc6 13. f4 g6 14. O-O h5 15. f5 gxf5 16. Nxf5 Ndxe5 17. Bf4 Nxd3 18. cxd3 Qd7 19. Rac1 O-O-O 20. Nxd4 Bd6 21. Bxd6 Qxd6 22. Rxf7 Kb8 23. Nxc6+ bxc6 24. Qe3 d4 25. Qe4 Rc8 26. b4 Qxb4 27. Rxc6 Rxc6 28. Qxc6 Qe1+ 29. Rf1 Qe3+ 30. Kh1 Qxd3 31. Rf3 Qb1+ 32. Kh2 Qxa2 33. Rf7 1-0


[Site "https://www.chess.com"]

[Event "Titled Tuesday Blitz June 8 2021"]
[White "Szpar, Milosz"]
[Black "Jary, Sergey"]
[WhiteFideId "1184989"]
[BlackFideId "14110350"]
[WhiteElo "2815"]
[BlackElo "2441"]
[Result "1-0"]
[Round "01"]
[TimeControl "180+1"]
[Date "2021.06.08"]
[WhiteClock "0:00:14"]
[BlackClock "0:00:35"]

1. d4 Nf6 2. c4 g6 3. Nf3 Bg7 4. Nc3 d5 5. cxd5 Nxd5 6. h4 h5 7. e4 Nb6 8. Be2 Bg4 9. Be3 Nc6 10. d5 Bxf3 11. gxf3 Ne5 12. f4 Ned7 13. a4 a5 14. Qb3 O-O 15. O-O-O Nf6 16. e5 Nh7 17. Rhg1 Kh8 18. Bd4 Rg8 19. f5 Qe8 20. Bd3 e6 21. dxe6 fxe6 22. fxg6 Nf8 23. Kb1 Bh6 24. Qc2 Rd8 25. Be4 Nd5 26. Qe2 Nf4 27. Qf3 Qe7 28. Be3 Rxd1+ 29. Rxd1 Qxh4 30. Rh1 Qg5 31. Ne2 N8xg6 32. Rg1 Nh4 33. Rxg5 Nxf3 34. Rxg8+ Kxg8 35. Nxf4 Nxe5 36. Nxh5 Bxe3 37. fxe3 Nc4 38. Bxb7 Nxe3 39. Nf4 Kf7 40. Nd3 Ke7 41. b4 Nc4 42. Kc2 axb4 43. Nxb4 Kd6 44. Kc3 Na5 45. Bf3 Kc5 46. Nd3+ Kb6 47. Nf4 e5 48. Nd3 c5 49. Nxe5 Kc7 50. Nc4 Nc6 51. Bxc6 Kxc6 52. Kd3 Kd5 53. Kc3 Ke4 54. Nb6 Ke5 55. Kc4 Kd6 56. Kb5 Kc7 57. Kxc5 Kb7 58. Kb5 Ka7 59. a5 Kb7 60. a6+ Ka7 61. Na4 Kb8 62. Nb2 Kc7 63. Nd3 Kd6 64. Nb4 Kc7 65. Kc5 Kb8 66. Kb6 Ka8 67. Nd5 Kb8 68. a7+ 1-0


[Site "https://www.chess.com"]

[Event "Titled Tuesday Blitz June 8 2021"]
[White "Tabatabaei, M. Amin"]
[Black "Maltsevskaya, Aleksandra"]
[WhiteFideId "12521213"]
[BlackFideId "24174041"]
[WhiteElo "2555"]
[BlackElo "2225"]
[Result "1-0"]
[Round "01"]
[TimeControl "180+1"]
[Date "2021.06.08"]
[WhiteClock "0:00:23"]
[BlackClock "0:00:12"]

1. d4 Nf6 2. Nf3 e6 3. Bf4 c5 4. e3 Nc6 5. c3 b6 6. Nbd2 Bb7 7. h3 Be7 8. Bd3 Rc8 9. O-O O-O 10. Qe2 cxd4 11. exd4 Nd5 12. Bg3 f5 13. Rfe1 Nf6 14. Nc4 b5 15. Nd6 Bxd6 16. Bxd6 Re8 17. Bxb5 Qb6 18. Rad1 Na5 19. Bc5 Bxf3 20. gxf3 Qb8 21. Ba6 Rcd8 22. Ba3 Nc6 23. b4 Qf4 24. Bc1 Qh4 25. Kh2 Ne7 26. Rg1 h6 27. c4 Nc6 28. Qd2 Kh7 29. b5 Nb8 30. Bb7 d5 31. c5 g5 32. c6 Nbd7 33. cxd7 Rg8 34. Rg3 Rxd7 35. Bc6 Rdg7 36. Re1 f4 37. Rxe6 Rg6 38. Qd3 Kh8 39. Rxf6 Rxf6 40. Rg2 Rfg6 41. Qf5 g4 42. Bxf4 Qxh3+ 43. Kg1 Qxg2+ 44. Kxg2 1-0


[Site "https://www.chess.com"]

[Event "Titled Tuesday Blitz June 8 2021"]
[White "Tang, Andrew"]
[Black "Shevtchenko, Olesya"]
[WhiteFideId "2059630"]
[BlackFideId "24131890"]
[WhiteElo "2584"]
[BlackElo "2003"]
[Result "1-0"]
[Round "01"]
[TimeControl "180+1"]
[Date "2021.06.08"]
[WhiteClock "0:00:15"]
[BlackClock "0:00:11"]

1. d4 d5 2. Bf4 e6 3. e3 Bd6 4. Nf3 Nf6 5. Nbd2 O-O 6. Bd3 c5 7. c3 Nc6 8. Bg3 Bxg3 9. hxg3 h6 10. Ne5 Nxe5 11. dxe5 Nd7 12. Qh5 f5 13. f4 Qe8 14. Qh4 Qd8 15. Qh3 c4 16. Bc2 Qb6 17. O-O-O Qxe3 18. Rde1 Qc5 19. Nf3 b5 20. g4 b4 21. g5 bxc3 22. gxh6 Qb4 23. hxg7 Qxb2+ 24. Kd1 Re8 25. Qh7+ Kf7 26. g8=Q# 1-0


[Site "https://www.chess.com"]

[Event "Titled Tuesday Blitz June 8 2021"]
[White "Torkkola, Henri"]
[Black "Bryakin, Mikhail"]
[WhiteFideId "507660"]
[BlackFideId "4165314"]
[WhiteElo "2137"]
[BlackElo "2409"]
[Result "0-1"]
[Round "01"]
[TimeControl "180+1"]
[Date "2021.06.08"]
[WhiteClock "0:00:04"]
[BlackClock "0:00:34"]

1. d4 d6 2. Bf4 g6 3. Nf3 Bg7 4. e3 Nf6 5. h3 O-O 6. Be2 b6 7. O-O Bb7 8. a4 a6 9. a5 b5 10. c4 c6 11. b4 bxc4 12. Bxc4 Nd5 13. Bxd5 cxd5 14. Nc3 e6 15. Qb3 Nc6 16. Na4 Qe7 17. Nb6 Rad8 18. Rac1 Na7 19. Rc2 Nb5 20. Rfc1 h6 21. Nd2 g5 22. Bg3 f5 23. Nb1 f4 24. Bh2 f3 25. Na3 Nxa3 26. Qxa3 Qf6 27. Bg3 fxg2 28. Rc7 Rf7 29. R1c3 h5 30. Qc1 h4 31. Rxf7 Qxf7 32. Rc7 Qf3 33. Bh2 Rf8 34. Qc2 Ba8 35. Bxd6 Qxh3 36. Bh2 Qf3 37. Nxa8 g4 38. Rxg7+ Kxg7 39. Be5+ Kh6 40. Nc7 g3 41. Nxe6 gxf2+ 0-1


[Site "https://www.chess.com"]